Map: Ephemeron LE

Players

Feast

  • Race: Terran Terran
  • League: Master
  • Spawn Location: 11:00

Mez - Winner!

  • Race: Terran Terran
  • League: Master
  • Spawn Location: 5:00

VOD

Have the link to the VOD?

Description

Time

  • Played on: Sept. 4, 2019, 1:59 a.m.
  • Length: 7:53
Show
View Real Time Build Order
Export as new Build Order

Feast Terran 

Build Orders:  

Get SALT Encoding   

  12  0:00  SCV  
  13  0:13  SCV  
  14  0:17  Supply Depot  
  14  0:25  SCV  
  15  0:28  Refinery  
  15  0:39  SCV  
  16  0:44  Barracks  
  16  0:51  SCV  
  17  1:03  SCV  
  18  1:15  SCV  
  20  1:33  Reaper  
  20  1:34  Orbital Command  
  20  1:46  Command Center  
  20  2:00  SCV, Factory  
  21  2:06  Barracks Reactor  
  21  2:12  SCV  
  22  2:17  Supply Depot  
  22  2:20  Refinery  
  22  2:25  SCV  
  23  2:37  SCV  
  23  2:42  Marine x2  
  26  2:44  Hellion  
  26  2:47  Starport  
  25  2:54  SCV  
  25  3:06  SCV  
  24  3:18  SCV  
  28  3:27  Hellion x2, Barracks Tech Lab  
  28  3:30  SCV  
  28  3:34  Medivac  
  31  3:54  SCV  
  31  3:55  Hellion x2  
  36  3:57  Orbital Command  
  36  4:05  Barracks Tech Lab  
  36  4:06  SCV  
  37  4:18  SCV, Supply Depot  
  38  4:26  Raven  
  38  4:28  SCV  
  38  4:31  SCV  
  42  4:40  SCV  
  42  4:43  SCV  
  44  4:52  Marine x2, SCV  
  47  4:53  Siege Tank  
  47  4:55  SCV  
  47  4:57  Supply Depot  
  49  5:04  SCV  
  45  5:07  SCV  
  45  5:13  Cloaking Field, Banshee  
  40  5:16  SCV  
  40  5:20  SCV  
  25  5:39  SCV  
  17  5:54  SCV  
  8  6:07  SCV  
  9  6:25  SCV  
  10  6:31  SCV  
  12  6:47  SCV  
  12  6:58  SCV  
  8  7:37  SCV  
  8  7:38  SCV  
Show
View Real Time Build Order
Export as new Build Order

Mez Terran - Winner!

Build Orders: Gas First Reaper Expand, Hellion Opening 

Get SALT Encoding   

  12  0:00  SCV  
  13  0:13  SCV  
  14  0:17  Supply Depot  
  14  0:25  SCV  
  14  0:28  Refinery  
  15  0:39  SCV  
  16  0:46  Barracks  
  16  0:51  SCV  
  17  1:04  SCV  
  18  1:16  SCV  
  19  1:33  Reaper  
  19  1:34  Orbital Command  
  20  1:46  Command Center  
  20  1:56  Factory  
  20  2:00  SCV  
  21  2:09  Barracks Reactor  
  21  2:10  Supply Depot  
  21  2:13  SCV  
  22  2:17  Refinery  
  22  2:25  SCV  
  21  2:53  Starport  
  21  2:56  Hellion x2  
  25  3:00  Barracks Tech Lab  
  25  3:01  SCV  
  25  3:16  SCV  
  25  3:19  Hellion x2  
  29  3:29  Marauder  
  29  3:30  Concussive Shells  
  31  3:35  SCV  
  31  3:38  Orbital Command  
  32  3:46  Hellion  
  34  3:50  Hellion  
  36  3:56  Medivac  
  36  4:01  Marauder  
  40  4:14  Hellion x2  
  45  4:21  SCV, Supply Depot  
  45  4:22  SCV  
  46  4:35  Barracks Reactor  
  46  4:43  SCV x2, Raven  
  46  4:45  Factory Tech Lab  
  50  4:47  Marine x2, Supply Depot  
  33  5:12  Siege Tank  
  33  5:13  Marine x2  
  33  5:14  SCV x2  
  28  5:35  Marine x2  
  28  5:39  Banshee  
  27  6:11  SCV  
  20  7:01  SCV x2  
  20  7:25  SCV x2  
  23  7:37  SCV x2  
Tags
 
Add a new tag
Caveats
  • Supply blocks, unpowered buildings, or Contaminate may cause inaccurate times.
  • Supply counts are checked every 10 seconds.